 Dungeon Crawl Stone Soup version 0.31.0-11-ge490571c62 (webtiles) character file.

Game seed: 17597656684797856933

261 qw the Skirmisher (level 5, 0/30 HPs)
             Began as a Deep Elf Hunter on Feb 4, 2024.
             Engulfed by a steam dragon's steam (5 damage)
             ... on level 4 of the Dungeon.
             The game lasted 00:00:09 (2094 turns).

qw the Skirmisher (Deep Elf Hunter)                 Turns: 2094, Time: 00:00:09

Health: 0/30       AC:  6    Str: 10    XL:     5   Next: 96%
Magic:  7/7        EV: 11    Int: 14    God:
Gold:   172        SH:  0    Dex: 18    Spells: 4/4 levels left

rFire   . . .        a - +0 shortbow
rCold   . . .        (shield currently unavailable)
rNeg    . . .        h - +0 ring mail {rPois}
rPois   +            f - +0 helmet
rElec   .            (no cloak)
rCorr   .            (no gloves)
SInv    .            (no boots)
Will    ++...        (no amulet)
Stlth   +            (no ring)
HPRegen 0.25/turn    (no ring)
MPRegen 0.10/turn

%: no passive effects
@: no status effects
A: strong-willed 2, poison resistance
a: no special abilities


You were on level 4 of the Dungeon.
You visited 1 branch of the dungeon, and saw 4 of its levels.

You collected 172 gold pieces.


Innate Abilities, Weirdness & Mutations

You are highly strong-willed. (Will++)
Your system is resistant to poisons. (rPois)


   Skills:
 + Level 1.7 Fighting
 - Level 9.5 Ranged Weapons
 - Level 2.4 Dodging
 - Level 1.2 Stealth


You had 4 spell levels left.
You didn't know any spells.
Your spell library was empty.

Inventory:

Hand Weapons
 a - a +0 shortbow (weapon)
 c - the +9 sling of Oneng {drain, +Blink rC- Int+9 Dex-2}
   (You found it on level 2 of the Dungeon)

   Int+9:     It affects your intelligence (+9).
   Dex-2:     It affects your dexterity (-2).
   rC-:       It makes you vulnerable to cold.
   +Blink:    It lets you blink.
Armour
 f - a +0 helmet (worn)
 h - a +0 ring mail of poison resistance (worn)
Wands
 i - a wand of mindburst (6)
Potions
 b - 2 potions of curing
 d - a potion of might
 e - a potion of enlightenment

Dungeon Overview and Level Annotations

Branches:
Dungeon (4/15)
 Temple: D:4-7

Altars:
Cheibriados
Makhleb
Ru
Xom


Message History

The ufetubus slips past you! The ufetubus hits you.
The ufetubus hits you but does no damage.
You shoot an arrow.
The arrow hits the ufetubus but does no damage.
The ufetubus hits you but does no damage.
The ufetubus barely misses you. The ufetubus closely misses you.
The ufetubus barely misses you.
You shoot an arrow. The arrow hits the ufetubus.
The ufetubus is severely wounded.
The ufetubus barely misses you.
The ufetubus hits you but does no damage. x3
You shoot an arrow. The arrow hits the ufetubus!
You kill the ufetubus!
You start resting.
HP restored.
A steam dragon comes into view.
You shoot an arrow.
The arrow barely misses the steam dragon.
The steam dragon breathes steam at you. The ball of steam hits you!!
Ouch! That really hurt!
You shoot an arrow. The arrow hits the steam dragon.
The steam dragon is lightly wounded.
You are engulfed in a cloud of scalding steam.
The steam dragon bites you.
The steam dragon claws you but does no damage.
The steam dragon closely misses you. The steam dragon claws you.
2092 ||| DRINKING potion of heal wounds.
You feel much better.
You are engulfed in a cloud of scalding steam.
The steam dragon breathes steam at you. The ball of steam misses you.
You shoot an arrow.
The arrow closely misses the steam dragon.
You are engulfed in a cloud of scalding steam.
The steam dragon bites you. The steam dragon closely misses you.
You shoot an arrow.
The arrow barely misses the steam dragon.
You are engulfed in a cloud of scalding steam.
You die...

### ...# # ...# .#
..... #..# ###.#
#####.... #..##.¤.
...#.... #..¤¤#
#.#.... # ##..#
######.#.... #.#@#.#
#......#.... #D##.#
#..#####....
#..).####...#......
##.#)...#...##'###.
#:#....#........#.
#.#.....'........#.
##......#........#.
.........#...######.
..........#####......


You could see a steam dragon (catching breath).

Vanquished Creatures
  Menkaure (D:4)
  An iguana (D:4)
  A gnoll (D:1)
  4 adders (D:3)
  An ufetubus (D:4)
  A ribbon worm (D:2)
  4 dart slugs
  An orc (D:4)
  3 endoplasms
  2 giant cockroaches
  8 hobgoblins
  5 jackals
  2 quokkas
  2 ball pythons
  6 bats
  A frilled lizard (D:3)
  6 goblins
  8 kobolds
  4 rats
61 creatures vanquished.

Notes
Turn   | Place    | Note
-------+----------+-------------------------------------------
     0 | D:1      | qw the Deep Elf Hunter began the quest for the Orb.
     0 | D:1      | Reached XP level 1. HP: 12/12 MP: 3/3
     0 | D:1      | 0 ||| qw: Version: 0.3-a-160-g6735b56
     0 | D:1      | 0 ||| qw: Game counter: 4661
     0 | D:1      | 0 ||| qw: Melee chars always use a shield: true
     0 | D:1      | 0 ||| qw: God list: Okawaru
     0 | D:1      | 0 ||| qw: Allow faded altars: false
     0 | D:1      | 0 ||| qw: Do Orc after clearing Dungeon:15 true
     0 | D:1      | 0 ||| qw: Do second Lair branch before Depths: true
     0 | D:1      | 0 ||| qw: Lair rune preference: random
     0 | D:1      | 0 ||| qw: Goals: Normal
     0 | D:1      | 0 ||| PLANNING D:1-11
   266 | D:1      | Reached skill level 6 in Ranged Weapons
   266 | D:1      | Reached XP level 2. HP: 16/16 MP: 4/4
   483 | D:1      | Reached XP level 3. HP: 19/20 MP: 5/5
   768 | D:1      | 768 ||| UPGRADING to +0 ring mail.
   778 | D:1      | 778 ||| DROPPING +0 leather armour.
   779 | D:1      | 779 ||| UPGRADING to +0 helmet.
   784 | D:1      | 784 ||| UPGRADING to +0 ring mail of poison resistance.
   794 | D:1      | 794 ||| DROPPING +0 ring mail.
   795 | D:1      | 795 ||| DROPPING scroll of butterflies.
   814 | D:2      | 814 ||| STAIRDANCE
   838 | D:2      | Reached skill level 7 in Ranged Weapons
   941 | D:2      | Identified the +9 sling of Oneng {drain, +Blink rC- Int+9
                  | Dex-2}
  1125 | D:2      | Found a sacrificial altar of Ru.
  1269 | D:2      | 1269 ||| READING scroll labelled GYECER SOKKI.
  1270 | D:2      | 1270 ||| READING scroll labelled SOLOLIYSYG.
  1308 | D:2      | 1308 ||| READING scroll labelled UMYISU YSHIPAO.
  1308 | D:2      | 1308 ||| IDENTIFYING viscous golden potion
  1309 | D:2      | 1309 ||| DRINKING 3 brown potions.
  1431 | D:3      | Reached XP level 4. HP: 25/25 MP: 6/6
  1665 | D:3      | Reached skill level 8 in Ranged Weapons
  1735 | D:3      | Found a shimmering altar of Xom.
  1813 | D:3      | Found a faded altar of an unknown god.
  1817 | D:3      | Found a snail-covered altar of Cheibriados.
  1901 | D:3      | Found a burning altar of Makhleb.
  1924 | D:3      | 1924 ||| READING scroll of identify.
  1924 | D:3      | 1924 ||| IDENTIFYING dark potion
  1925 | D:3      | 1925 ||| DRINKING 2 white potions.
  1925 | D:3      | Gained mutation: You occasionally lose the ability to drink
                  | potions when taking damage. [potion of mutation]
  1925 | D:3      | Gained mutation: Your magical capacity is low. (-10% MP)
                  | [potion of mutation]
  1926 | D:3      | 1926 ||| DRINKING potion of mutation.
  1926 | D:3      | Lost mutation: Your magical capacity is low. (-10% MP)
                  | [potion of mutation]
  1926 | D:3      | Lost mutation: You occasionally lose the ability to drink
                  | potions when taking damage. [potion of mutation]
  1926 | D:3      | Gained mutation: You are strong-willed. (Will+) [potion of
                  | mutation]
  1926 | D:3      | Gained mutation: You are highly strong-willed. (Will++)
                  | [potion of mutation]
  1926 | D:3      | Gained mutation: Your system is resistant to poisons.
                  | (rPois) [potion of mutation]
  1927 | D:3      | 1927 ||| DRINKING 2 metallic ruby potions.
  1976 | D:4      | Reached XP level 5. HP: 16/29 MP: 7/7
  2062 | D:4      | Noticed Menkaure
  2063 | D:4      | 2063 ||| ZAPPING wand of mindburst (10) at 1,-5 (Menkaure;
                  | floor).
  2064 | D:4      | 2064 ||| ZAPPING wand of mindburst (9) at 1,-5 (Menkaure;
                  | floor).
  2065 | D:4      | 2065 ||| ZAPPING wand of mindburst (8) at 0,-4 (Menkaure;
                  | floor).
  2066 | D:4      | 2066 ||| ZAPPING wand of mindburst (7) at 0,-4 (Menkaure;
                  | floor).
  2066 | D:4      | Killed Menkaure
  2067 | D:4      | Reached skill level 9 in Ranged Weapons
  2089 | D:4      | Noticed a steam dragon
  2091 | D:4      | HP: 4/30 [steam dragon] (8)]
  2092 | D:4      | 2092 ||| DRINKING potion of heal wounds.
  2094 | D:4      | Engulfed by a steam dragon's steam

Levels and vault maps discovered:
D:1:      dpeg_arrival_windows_large_door, layout_basic, nicolae_grassy_gnolls
D:2:      layout_basic, basic_altar
D:3:      layout_loops_cross, nicolae_overflow_ecumenical_swirl,
          lemuel_doored_altar, mainiacjoe_overflow_24_doors, skrybe_limestone_x
D:4:      layout_gridville, serial_co_window_serial, co_window_of_opportunity_a,
          co_window_paths_a, co_window_paths_a, co_window_corner_a,
          co_window_corner_a, co_window_broadway_c, co_window_broadway_c,
          co_window_broadway_c, co_window_unsneaky_path_c, co_window_corner_b,
          co_window_corner_b, co_window_of_opportunity_b, glass_columns_a,
          glass_columns_b, glass_columns_c, nicolae_elemental_shop,
          minmay_manual_mess, uniq_menkaure

Skill      XL: |  1  2  3  4  5 |
---------------+----------------+-----
Ranged Weapons | 6 7 8 9 |  9.5
Fighting       | |  1.7
Dodging        | |  2.4
Stealth        | |  1.2

Action                     |  1- 3 |  4- 6 || total
---------------------------+-------+-------++-------
   Fire: Shortbow          |   116 |    72 ||   188
  Evoke: Wand              |       |     4 ||     4
    Use: Scroll            |     3 |     1 ||     4
         Potion            |     1 |     4 ||     5
 Armour: Leather armour    |     3 |       ||     3
         Ring mail         |     7 |    35 ||    42
  Dodge: Dodged            |    24 |    31 ||    55

Table legend:
 A = Non-vault XP
 B = Vault XP
 C = Vault XP percentage of total XP
 D = Non-vault monster count
 E = Vault monster count
 F = Vault count percentage of total count
                 A         B        C        D         E       F
            +---------+---------+-------+---------+---------+-------
      Total |     185 |     188 |  50.4 |      54 |       7 |  11.5
            +---------+---------+-------+---------+---------+-------
        D:1 |      46 |      15 |  24.6 |      25 |       1 |   3.8
        D:2 |      30 |       0 |   0.0 |      15 |       0 |   0.0
        D:3 |      66 |       0 |   0.0 |      11 |       0 |   0.0
        D:4 |      43 |     173 |  80.1 |       3 |       6 |  66.7
            +---------+---------+-------+---------+---------+-------
